 Dungeon Crawl Stone Soup version 0.26-a0-812-g31a745ddcd (webtiles) character file.

Game seed: 9311847274594450232

17 Lanoc the Ducker (level 2, -5/22 HPs)
             Began as a Deep Dwarf Air Elementalist on Dec 1, 2020.
             Killed from afar by an orc wizard (8 damage)
             ... with a puff of flame
             ... on level 3 of the Dungeon.
             The game lasted 00:01:09 (517 turns).

Lanoc the Ducker (Deep Dwarf Air Elementalist)       Turns: 517, Time: 00:01:10

Health: -5/22      AC:  2    Str: 10 (11) XL:     2   Next: 44%
Magic:  0/4        EV: 12    Int: 12 (15) God:
Gold:   24         SH:  0    Dex: 10 (13) Spells: 3/4 levels left

rFire    . . .     SeeInvis .   (no weapon)
rCold    . . .     Faith    .   (no shield)
rNeg     . . .     Spirit   .   a - +0 robe
rPois    .         Reflect  .   (no helmet)
rElec    .         Harm     .   (no cloak)
rCorr    .         Rampage  .   (no gloves)
MR       +....                  (no boots)
Stlth    ++........             (no amulet)
HPRegen  0.00/turn              b - ring of protection from magic
MPRegen  0.09/turn              (no ring)

@: attractive, non-regenerating
A: damage resistance, heal wounds, sense surroundings 1, no regeneration
a: Heal Wounds


You were on level 3 of the Dungeon.
You visited 1 branch of the dungeon, and saw 3 of its levels.

You collected 24 gold pieces.

Inventory:

Armour
 a - a +0 robe (worn)
Jewellery
 b - a ring of protection from magic (left hand)
Scrolls
 c - 2 scrolls of identify {unknown}
 d - a scroll of remove curse {unknown}


   Skills:
 + Level 2.9 Dodging
 - Level 2.4 Stealth
 - Level 1.7 Spellcasting
 + Level 1.6 Conjurations
 - Level 2.1 Air Magic


You had 3 spell levels left.
You knew the following spells:

 Your Spells              Type           Power        Failure   Level
a - Shock                 Conj/Air       #...         13%         1

Your spell library contained the following spells:

 Spells                   Type           Power        Failure   Level
 Swiftness                Air            #.......     17%         2
 Static Discharge         Conj/Air       #.......     36%         3
 Airstrike                Air            #.........   75%         4
 Lightning Bolt           Conj/Air       #.........   98%         5


Dungeon Overview and Level Annotations

Branches:
Dungeon (3/15)

Altars:


Innate Abilities, Weirdness & Mutations

You are resistant to damage.
You can heal yourself by infusing magical energy.
You passively map a small area around you.
You do not regenerate.


Message History

Aim: an orc, wielding a +0 club and wearing a +0 leather armour The zap misses the orc.
The orc barely misses you.
Casting: Shock (safe; 13% risk of failure)
Confirm with . or Enter, or press ? or * to list all spells.
Aiming: Shock (safe; 13% risk of failure)
Press: ? - help, Shift-Dir - straight line, f/p - orc
Aim: an orc, wielding a +0 club and wearing a +0 leather armour The zap hits the orc but does no damage.
An orc wizard comes into view. It is wielding a +0 dagger.
Casting: Shock (safe; 13% risk of failure)
Confirm with . or Enter, or press ? or * to list all spells.
Aiming: Shock (safe; 13% risk of failure)
Press: ? - help, Shift-Dir - straight line, f/p - orc
Aim: an orc, wielding a +0 club and wearing a +0 leather armour The zap misses the orc.
The zap hits the orc wizard.
The orc wizard is lightly wounded.
The orc wizard is pulled toward you! The orc hits you but does no damage.
The orc wizard casts a spell at you. The puff of flame hits you!
You die...

, * * .# * , #.# .# ...
** ##.# * *, .... #.. ,
..... #.# ###### *
.....####.# #....#_ , ,
, .....o....####....# *
.......o..........# , ,
..####@#####.....######
* * #..# ##.........# ,
#..#..# #.##
#.......... , *
#.....###$ #.........#
####...#.. ..*
####(######
#........####* ##....#
, ........# #..####
#......# #.## *#......#
##.#


You could see an orc wizard and an orc.

Vanquished Creatures
  3 goblins
  2 hobgoblins
  3 jackals (D:2)
  4 kobolds (D:1)
  A bat (D:3)
  A rat (D:2)
14 creatures vanquished.

Vanquished Creatures (others)
  5 plants (D:3)
5 creatures vanquished.

Grand Total: 19 creatures vanquished

Notes
Turn   | Place    | Note
-------+----------+-------------------------------------------
     0 | D:1      | Lanoc the Deep Dwarf Air Elementalist began the quest for
                  | the Orb.
     0 | D:1      | Reached XP level 1. HP: 15/15 MP: 3/3
    18 | D:1      | Reached skill level 1 in Conjurations
   179 | D:2      | Reached XP level 2. HP: 10/22 MP: 0/4
   517 | D:3      | Killed from afar by an orc wizard

Illustrated notes

Levels and vault maps discovered:
D:1:      minmay_arrival_up_and_down, layout_basic, st_stairs_2
D:2:      layout_loops_ring, chequers_ecumenical_altar_island,
          trog_butcher_becter
D:3:      layout_rooms, minitemple, serial_bayou_pond_c

Skill      XL: |  1 |
---------------+----+-----
Conjurations   | 1 |  1.6
Dodging        | |  2.9
Stealth        | |  2.4
Spellcasting   | |  1.7
Air Magic      | |  2.1

Action                   || total
-------------------------++-------
Melee: Unarmed           ||    46
 Cast: Shock             ||    25
  Use: Potion            ||     2
Armor: Robe              ||     5
Dodge: Dodged            ||    35

Table legend: (Time is in decaauts)
 A = Elapsed time spent in this place.
 B = Non-inter-level travel time spent in this place.
 C = Inter-level travel time spent in this place.
 D = Time resting spent in this place.
 E = Time spent auto-exploring this place.
 F = Levels seen in this place.
 G = Mean time per level.
                   A        B        C        D        E       F      G
               +--------+--------+--------+--------+--------+-----+--------+
         Total |    516 |    500 |     16 |      0 |    370 |   3 |  172.0 |
       Dungeon |    516 |    500 |     16 |      0 |    370 |   3 |  172.0 |
               +--------+--------+--------+--------+--------+-----+--------+

Top non-repeatable levels by time:
     D:2: 256 daAuts
     D:1: 176 daAuts
     D:3: 82 daAuts
